TOP OF THE 1ST |
Culver City Extras batting - Pitching for Moose Jaw Ghostbusters : RHP Ken Rogers
|
Pitching: RHP Ken Rogers
|
|
Batting: RHB Víctor Arredondo
|
0-0: Ball 1-0: Ball 2-0: Ball 3-0: Base on Balls
|
Batting: LHB Nick English
|
0-0: Called Strike 0-1: Foul Ball, location: 2F 0-2: Ball 1-2: Foul Ball, location: 2F 1-2: Foul Ball, location: 2F 1-2: Strikes out looking
|
Batting: LHB Tanyu Imai
|
0-0: Called Strike 0-1: Ball 1-1: Ball 2-1: Ball 3-1: Base on Balls Víctor Arredondo to second
|
Batting: RHB Horace Johnson
|
0-0: Ball 1-0: Ball Víctor Arredondo steals 3rd base Tanyu Imai to second 2-0: Ball 3-0: Called Strike 3-1: SINGLE (Line Drive, 6MD) Víctor Arredondo scores Tanyu Imai to third
|
Batting: RHB Walton Smith
|
0-0: Ball 1-0: Called Strike 1-1: Ball 2-1: Ball 3-1: Base on Balls Horace Johnson to second
|
Batting: LHB Richard Bell
|
0-0: Called Strike 0-1: Ball 1-1: Ball 2-1: Foul Ball, location: 2F 2-2: Foul Ball, location: 2F 2-2: SINGLE (Line Drive, 4M) Tanyu Imai scores Horace Johnson to third Walton Smith to second Runner from 3rd tries for Home, SAFE, no throw or cutoff
|
Batting: RHB Ben Alexander
|
0-0: Ball 1-0: Ball 2-0: Ball 3-0: Called Strike 3-1: Foul Ball, location: 2F 3-2: Base on Balls Walton Smith to third Richard Bell to second
|
Batting: RHB Bob Magee
|
0-0: Called Strike 0-1: Ball 1-1: Foul Ball, location: 2F 1-2: Strikes out swinging
|
Batting: SHB Lawrence Steward
|
0-0: Ball 1-0: Called Strike 1-1: Ball 2-1: Ball 3-1: Foul Ball, location: 2F 3-2: Foul Ball, location: 2F 3-2: Foul Ball, location: 2F 3-2: Base on Balls Walton Smith scores Richard Bell to third Ben Alexander to second
|
Batting: RHB Víctor Arredondo
|
0-0: Called Strike 0-1: Ball 1-1: Ball 2-1: Foul Ball, location: 2F 2-2: Strikes out swinging
|
Top of the 1st over - 4 run(s), 2 hit(s), 0 error(s), 3 left on base; Culver City 4 - Moose Jaw 0 |
BOTTOM OF THE 1ST |
Moose Jaw Ghostbusters batting - Pitching for Culver City Extras : RHP Diego González
|
Pitching: RHP Diego González
|
|
Batting: RHB Manuel Pérez
|
0-0: Called Strike 0-1: Ball 1-1: Swinging Strike 1-2: Fly out, F9 (Flyball, 89XD)
|
Batting: LHB Will Vale
|
0-0: Called Strike 0-1: Ball 1-1: Ball 2-1: Foul Ball, location: 2F 2-2: Strikes out swinging
|
Batting: RHB John Major
|
0-0: Foul Ball, location: 2F 0-1: Swinging Strike 0-2: Ground out 4-3 (Groundball, 4M)
|
Bottom of the 1st over - 0 run(s), 0 hit(s), 0 error(s), 0 left on base; Culver City 4 - Moose Jaw 0 |
TOP OF THE 2ND |
Culver City Extras batting - Pitching for Moose Jaw Ghostbusters : RHP Ken Rogers
|
Batting: LHB Nick English
|
0-0: Called Strike 0-1: Ball 1-1: Ball 2-1: Ground out 4-3 (Groundball, 34)
|
Batting: LHB Tanyu Imai
|
0-0: Ball 1-0: Ball 2-0: Swinging Strike 2-1: Swinging Strike 2-2: Ball 3-2: Foul Ball, location: 2F 3-2: Base on Balls
|
Batting: RHB Horace Johnson
|
0-0: Called Strike 0-1: Ball 1-1: Foul Ball, location: 2F 1-2: Strikes out swinging
|
Batting: RHB Walton Smith
|
0-0: Ball 1-0: Foul Ball, location: 2F 1-1: Foul Ball, location: 2F 1-2: Ball 2-2: Ball 3-2: Fly out, F8 (Flyball, 8RXD)
|
Top of the 2nd over - 0 run(s), 0 hit(s), 0 error(s), 1 left on base; Culver City 4 - Moose Jaw 0 |
BOTTOM OF THE 2ND |
Moose Jaw Ghostbusters batting - Pitching for Culver City Extras : RHP Diego González
|
Batting: SHB Martín Cruz
|
0-0: Foul Ball, location: 2F 0-1: Ground out 4-3 (Groundball, 4)
|
Batting: LHB Dave Stewart
|
0-0: Called Strike 0-1: Ball 1-1: Foul Ball, location: 2F 1-2: Ball 2-2: SINGLE (Groundball, 34) (infield hit)
|
Batting: RHB Shawn Bane
|
0-0: Ball 1-0: Swinging Strike 1-1: Ball Dave Stewart steals 2nd base 2-1: Ball 3-1: SINGLE (Groundball, 6MD) Dave Stewart to third
|
Batting: RHB Dan Hooper
|
0-0: Called Strike 0-1: Ball 1-1: Swinging Strike 1-2: Hit by Pitch Shawn Bane to second
|
Batting: RHB Juan Vázquez
|
0-0: Called Strike 0-1: Called Strike 0-2: Ball 1-2: Strikes out swinging
|
Batting: LHB John Robbins
|
0-0: Foul Ball, location: 2F 0-1: Foul Ball, location: 2F 0-2: Strikes out looking
|
Bottom of the 2nd over - 0 run(s), 2 hit(s), 0 error(s), 3 left on base; Culver City 4 - Moose Jaw 0 |
TOP OF THE 3RD |
Culver City Extras batting - Pitching for Moose Jaw Ghostbusters : RHP Ken Rogers
|
Batting: LHB Richard Bell
|
0-0: Ball 1-0: Foul Ball, location: 2F 1-1: Swinging Strike 1-2: Ball 2-2: Foul Ball, location: 2F 2-2: Foul Ball, location: 2F 2-2: Foul Ball, location: 2F 2-2: Foul Ball, location: 2F 2-2: Foul Ball, location: 2F 2-2: Ground out 4-3 (Groundball, 4)
|
Pitching: RHP Bill Jones
|
|
Batting: RHB Ben Alexander
|
0-0: Ball 1-0: Ball 2-0: Ball 3-0: Called Strike 3-1: Ground out 6-3 (Groundball, 6)
|
Batting: RHB Bob Magee
|
0-0: Swinging Strike 0-1: Ball 1-1: Foul Ball, location: 2F 1-2: Fly out, F4 (Line Drive, 4)
|
Top of the 3rd over - 0 run(s), 0 hit(s), 0 error(s), 0 left on base; Culver City 4 - Moose Jaw 0 |
BOTTOM OF THE 3RD |
Moose Jaw Ghostbusters batting - Pitching for Culver City Extras : RHP Diego González
|
Batting: RHB Manuel Pérez
|
0-0: Ball 1-0: Ball 2-0: Fly out, F6 (Popup, 4MD)
|
Batting: LHB Will Vale
|
0-0: Called Strike 0-1: Ball 1-1: Ball 2-1: Called Strike 2-2: Ground out 1-3 (Groundball, 15)
|
Batting: RHB John Major
|
0-0: Ball 1-0: Called Strike 1-1: Ball 2-1: Fly out, F4 (Popup, 4M)
|
Bottom of the 3rd over - 0 run(s), 0 hit(s), 0 error(s), 0 left on base; Culver City 4 - Moose Jaw 0 |
TOP OF THE 4TH |
Culver City Extras batting - Pitching for Moose Jaw Ghostbusters : RHP Bill Jones
|
Batting: SHB Lawrence Steward
|
0-0: Ball 1-0: Ball 2-0: Called Strike 2-1: Foul Ball, location: 2F 2-2: Ball 3-2: Ground out 4-3 (Groundball, 4D)
|
Batting: RHB Víctor Arredondo
|
0-0: Ball Error on foul ball, E2 1-1: Fly out, F7 (Line Drive, 78D)
|
Batting: LHB Nick English
|
0-0: Called Strike 0-1: Ball 1-1: Ball 2-1: Called Strike 2-2: Ground out 4-3 (Groundball, 4)
|
Top of the 4th over - 0 run(s), 0 hit(s), 1 error(s), 0 left on base; Culver City 4 - Moose Jaw 0 |
BOTTOM OF THE 4TH |
Moose Jaw Ghostbusters batting - Pitching for Culver City Extras : RHP Diego González
|
Batting: SHB Martín Cruz
|
0-0: Called Strike 0-1: Swinging Strike 0-2: Strikes out swinging
|
Batting: LHB Dave Stewart
|
0-0: Ball 1-0: Called Strike 1-1: Ball 2-1: Ball 3-1: Fly out, F9 (Flyball, 9M)
|
Batting: RHB Shawn Bane
|
0-0: Ball 1-0: Ball 2-0: Ball 3-0: Called Strike 3-1: Ground out 6-3 (Groundball, 6)
|
Bottom of the 4th over - 0 run(s), 0 hit(s), 0 error(s), 0 left on base; Culver City 4 - Moose Jaw 0 |
TOP OF THE 5TH |
Culver City Extras batting - Pitching for Moose Jaw Ghostbusters : RHP Bennett Greer
|
Pitching: RHP Bennett Greer
|
|
Batting: LHB Tanyu Imai
|
0-0: Called Strike 0-1: Called Strike 0-2: Ball 1-2: Reached on Error, E9 (Flyball, 9M)
|
Batting: RHB Horace Johnson
|
0-0: Ball 1-0: Ball 2-0: Foul Ball, location: 2F 2-1: Fly out, F9 (Flyball, 89M)
|
Batting: RHB Walton Smith
|
0-0: Ball 1-0: Called Strike 1-1: Ball 2-1: Foul Ball, location: 2F 2-2: Ball 3-2: Base on Balls Tanyu Imai to second
|
Batting: LHB Richard Bell
|
0-0: Ball Tanyu Imai is caught stealing 3rd base Walton Smith to second 1-0: Ball 2-0: Called Strike 2-1: Foul Ball, location: 2F 2-2: Strikes out swinging
|
Top of the 5th over - 0 run(s), 0 hit(s), 1 error(s), 1 left on base; Culver City 4 - Moose Jaw 0 |
BOTTOM OF THE 5TH |
Moose Jaw Ghostbusters batting - Pitching for Culver City Extras : RHP Diego González
|
Batting: RHB Dan Hooper
|
0-0: Ball 1-0: Called Strike 1-1: SINGLE (Groundball, 4MD)
|
Batting: RHB Juan Vázquez
|
0-0: Swinging Strike 0-1: Ball 1-1: Foul Ball, location: 2F 1-2: Ball 2-2: Ball 3-2: Base on Balls Dan Hooper to second
|
Batting: LHB John Robbins
|
0-0: Ball 1-0: Ball 2-0: Swinging Strike 2-1: Ball 3-1: Foul Ball, location: 2F 3-2: Fly out, F7 (Flyball, 7D) Runner from 2nd tags up, SAFE at 3rd, no throw
|
Batting: RHB Manuel Pérez
|
0-0: Ball 1-0: Ball Juan Vázquez steals 2nd base 2-0: SINGLE (Groundball, 6MD) Dan Hooper scores Juan Vázquez to third
|
Batting: LHB Will Vale
|
0-0: Ball 1-0: Foul Ball, location: 2F 1-1: Ball 2-1: Foul Ball, location: 2F 2-2: Strikes out swinging
|
Batting: RHB John Major
|
0-0: Foul Ball, location: 2F 0-1: Ball 1-1: Called Strike 1-2: Foul Ball, location: 2F 1-2: 3-RUN HOME RUN (Flyball, 8RXD), Distance : 429 ft
|
Batting: SHB Martín Cruz
|
0-0: Swinging Strike 0-1: Ball 1-1: Foul Ball, location: 2F 1-2: Ball 2-2: Ball 3-2: Ground out 5-3 (Groundball, 5)
|
Bottom of the 5th over - 4 run(s), 3 hit(s), 0 error(s), 0 left on base; Culver City 4 - Moose Jaw 4 |
TOP OF THE 6TH |
Culver City Extras batting - Pitching for Moose Jaw Ghostbusters : RHP Bennett Greer
|
Batting: RHB Ben Alexander
|
0-0: Ball 1-0: Fly out, F9 (Flyball, 9M)
|
Batting: RHB Bob Magee
|
0-0: Ball 1-0: Swinging Strike 1-1: Swinging Strike 1-2: Ball 2-2: SINGLE (Groundball, 4MD)
|
Batting: SHB Lawrence Steward
|
0-0: Called Strike 0-1: Swinging Strike 0-2: Ball 1-2: Ball 2-2: Ball 3-2: Strikes out swinging
|
Batting: RHB Víctor Arredondo
|
0-0: Reached on error, E5 (Groundball, 5S) Bob Magee to second
|
Batting: LHB Nick English
|
0-0: Swinging Strike 0-1: Foul Ball, location: 2F 0-2: Ground out 1-3 (Groundball, 13)
|
Top of the 6th over - 0 run(s), 1 hit(s), 1 error(s), 2 left on base; Culver City 4 - Moose Jaw 4 |
BOTTOM OF THE 6TH |
Moose Jaw Ghostbusters batting - Pitching for Culver City Extras : RHP Diego González
|
Batting: LHB Dave Stewart
|
0-0: Swinging Strike 0-1: Ball 1-1: Ball 2-1: Ball 3-1: SINGLE (Line Drive, 5D)
|
Pitching: RHP Pedro Días
|
|
Batting: RHB Shawn Bane
|
0-0: Foul Ball, location: 2F 0-1: Ball 1-1: Foul Ball, location: 2F 1-2: Foul Ball, location: 2F 1-2: Strikes out swinging
|
Batting: RHB Dan Hooper
|
0-0: Called Strike 0-1: Ball 1-1: Foul Ball, location: 2F 1-2: Foul Ball, location: 2F 1-2: Strikes out swinging
|
Batting: RHB Juan Vázquez
|
0-0: Called Strike 0-1: Ball 1-1: Ball 2-1: DOUBLE (Line Drive, 7LM) Dave Stewart to third Runner from 3rd tries for Home, SAFE, no throw or cutoff
|
Batting: LHB John Robbins
|
0-0: Called Strike Juan Vázquez is caught stealing 3rd base
|
Bottom of the 6th over - 1 run(s), 2 hit(s), 0 error(s), 0 left on base; Culver City 4 - Moose Jaw 5 |
TOP OF THE 7TH |
Culver City Extras batting - Pitching for Moose Jaw Ghostbusters : RHP Bennett Greer
|
Pitching: RHP José Estrada
|
|
Batting: LHB Tanyu Imai
|
0-0: Ball 1-0: Ball 2-0: Ball 3-0: Base on Balls
|
Pinch Hitting: RHB Tony Cruz
|
0-0: Called Strike 0-1: SINGLE (Groundball, 6) Tanyu Imai to second
|
Batting: RHB Walton Smith
|
0-0: Ball 1-0: Ball 2-0: Foul Ball, location: 2F 2-1: Ball 3-1: Grounds into double play, 5-4-3 (Groundball, 56) Tanyu Imai to third
|
Batting: LHB Richard Bell
|
0-0: Ball 1-0: Ball 2-0: Reached on error, E6 (Groundball, 6) Tanyu Imai scores
|
Pinch Hitting: LHB Benny Richard
|
0-0: Ball 1-0: Swinging Strike 1-1: Foul Ball, location: 2F 1-2: SINGLE (Line Drive, 4MD) Richard Bell to second
|
Pinch Hitting: LHB Brian Ford
|
0-0: Ball 1-0: Ball 2-0: Ball 3-0: Called Strike 3-1: Base on Balls Richard Bell to third Benny Richard to second
|
Pinch Hitting: RHB Jesús Hernández
|
0-0: Called Strike Balk! Richard Bell scores Benny Richard to third Brian Ford to second 0-1: Ground out 5-3 (Groundball, 5)
|
Top of the 7th over - 2 run(s), 2 hit(s), 1 error(s), 2 left on base; Culver City 6 - Moose Jaw 5 |
BOTTOM OF THE 7TH |
Moose Jaw Ghostbusters batting - Pitching for Culver City Extras : RHP Pedro Días
|
Now at 1B: Benny Richard
|
|
Now at 2B: Brian Ford
|
|
Now at 3B: Jesús Aquino
|
|
Now at SS: Dave Anderson
|
|
Batting: LHB John Robbins
|
0-0: Called Strike 0-1: Ball 1-1: Ball 2-1: Ground out 6-3 (Groundball, 6MS)
|
Batting: RHB Manuel Pérez
|
0-0: Foul Ball, location: 2F 0-1: Ball 1-1: Ball 2-1: Fly out, F7 (Flyball, 7M)
|
Batting: LHB Will Vale
|
0-0: Called Strike 0-1: Foul Ball, location: 2F 0-2: Ball 1-2: Ball 2-2: Fly out, F7 (Flyball, 7M)
|
Bottom of the 7th over - 0 run(s), 0 hit(s), 0 error(s), 0 left on base; Culver City 6 - Moose Jaw 5 |
TOP OF THE 8TH |
Culver City Extras batting - Pitching for Moose Jaw Ghostbusters : RHP José Estrada
|
Batting: RHB Víctor Arredondo
|
0-0: Ball 1-0: Swinging Strike 1-1: Swinging Strike 1-2: Ball 2-2: Strikes out swinging
|
Batting: LHB Nick English
|
0-0: Ball 1-0: Ball 2-0: SINGLE (Groundball, 34D)
|
Batting: LHB Tanyu Imai
|
0-0: Ball 1-0: Foul Ball, location: 2F 1-1: Ball 2-1: Ball 3-1: Base on Balls Nick English to second
|
Pinch Hitting: RHB Max Alexander
|
0-0: Ball 1-0: Foul Ball, location: 2F 1-1: Called Strike 1-2: SINGLE (Line Drive, 78S) Nick English to third Tanyu Imai to second Runner from 3rd tries for Home, SAFE, no throw or cutoff
|
Pitching: RHP Whit Johnson
|
|
Batting: RHB Walton Smith
|
0-0: Grounds into double play, 4-6-3 (Groundball, 4)
|
Top of the 8th over - 1 run(s), 2 hit(s), 0 error(s), 1 left on base; Culver City 7 - Moose Jaw 5 |
BOTTOM OF THE 8TH |
Moose Jaw Ghostbusters batting - Pitching for Culver City Extras : RHP Pedro Días
|
Pitching: RHP Von Hicks
|
|
Now at 3B: Artie Pennington
|
|
Batting: RHB John Major
|
0-0: Swinging Strike 0-1: Ground out 5-3 (Groundball, 56)
|
Batting: SHB Martín Cruz
|
0-0: Swinging Strike 0-1: Foul Ball, location: 2F 0-2: SINGLE (Groundball, 6MD)
|
Pitching: LHP Cliff Williams
|
|
Batting: LHB Dave Stewart
|
0-0: Called Strike 0-1: Ball 1-1: SINGLE (Line Drive, 6D) Martín Cruz to second
|
Pitching: RHP José González
|
|
Batting: RHB Shawn Bane
|
0-0: Foul Ball, location: 2F 0-1: Ball 1-1: DOUBLE (Flyball, 8RM) Martín Cruz scores Dave Stewart to third Runner from 3rd tries for Home, SAFE, no throw or cutoff
|
Batting: RHB Dan Hooper
|
0-0: Called Strike 0-1: Called Strike 0-2: Ball 1-2: Foul Ball, location: 2F 1-2: Foul Ball, location: 2F 1-2: Ball 2-2: Strikes out swinging
|
Batting: RHB Juan Vázquez
|
0-0: SINGLE (Line Drive, 7S) Shawn Bane to third Runner from 3rd tries for Home, SAFE, no throw or cutoff
|
Batting: LHB John Robbins
|
0-0: Ball 1-0: Fielders Choice at 2nd, U6 (Groundball, 6M)
|
Bottom of the 8th over - 3 run(s), 4 hit(s), 0 error(s), 1 left on base; Culver City 7 - Moose Jaw 8 |
TOP OF THE 9TH |
Culver City Extras batting - Pitching for Moose Jaw Ghostbusters : RHP Whit Johnson
|
Pitching: LHP Júlio Aguilar
|
|
Now at 3B: Robert Carter
|
|
Batting: LHB Richard Bell
|
0-0: Ball 1-0: Called Strike 1-1: Foul Ball, location: 2F 1-2: Strikes out swinging
|
Batting: LHB Benny Richard
|
0-0: Called Strike 0-1: Called Strike 0-2: Ball 1-2: Ball 2-2: Fly out, F8 (Line Drive, 8LS)
|
Pinch Hitting: RHB Quincy Vance
|
0-0: Ground out 6-3 (Groundball, 6)
|
Top of the 9th over - 0 run(s), 0 hit(s), 0 error(s), 0 left on base; Culver City 7 - Moose Jaw 8 |
|